 Dungeon Crawl Stone Soup version 0.29-a0-993-g4a18f31a58 (webtiles) character file.

Game seed: 14498384437434924461

304 kae the Insei (level 6, -1/47 HPs)
             Began as a Demonspawn Monk on Aug 2, 2022.
             Slain by a phantom (6 damage)
             ... on level 4 of the Dungeon.
             The game lasted 00:02:26 (3174 turns).

kae the Insei (Demonspawn Monk)                     Turns: 3174, Time: 00:02:26

Health: -1/47      AC:  4    Str: 18    XL:     6   Next: 15%
Magic:  7/7        EV: 13    Int: 11    God:
Gold:   148        SH:  0    Dex: 17    Spells: 5/7 levels left

rFire   . . .      SeeInvis .   k - +2 short sword (flame)
rCold   + . .      Faith    .   (no shield)
rNeg    . . .      Spirit   .   a - +0 robe
rPois   .          Reflect  .   (no helmet)
rElec   .          Harm     .   (no cloak)
rCorr   .          Rampage  .   (no gloves)
Will    .....                   (no boots)
Stlth   ++........              (no amulet)
HPRegen 0.15/turn               C - ring of protection from cold
MPRegen 0.10/turn               S - +6 ring of strength

@: no status effects
A: molten scales 1, powered by death 2, spiny 1, demonic touch 1
a: no special abilities


You were on level 4 of the Dungeon.
You visited 1 branch of the dungeon, and saw 4 of its levels.

You collected 148 gold pieces.


Innate Abilities, Weirdness & Mutations

You are partially covered in molten scales. (AC +2)
You regenerate health from kills.
You are partially covered in sharp spines.
Your touch may inflict minor irresistible damage on your foes.


   Skills:
 - Level 3.0 Fighting
 - Level 2.6 Dodging
 - Level 1.7 Stealth
 * Level 5.8 Unarmed Combat
 - Level 1.0 Spellcasting
 - Level 2.0 Summonings


You had 5 spell levels left.
You knew the following spells:

 Your Spells              Type           Power      Damage    Failure   Level
a - Shock                 Conj/Air       0%         1d3       32%         1
b - Summon Small Mammal   Summ           16%        N/A       14%         1

Your spell library contained the following spells:

 Spells                   Type           Power      Damage    Failure   Level
 Call Canine Familiar     Summ           4%         N/A       38%         3
 Summon Guardian Golem    Hex/Summ       2%         N/A       54%         3
 Swiftness                Air            0%         N/A       67%         3
 Airstrike                Air            0%         2d(0-16)  97%         4

Inventory:

Hand Weapons
 k - a +2 short sword of flaming (weapon)
   (You took it off an orc on level 2 of the Dungeon)
Missiles
 c - 43 stones (quivered)
 f - 5 poisoned darts
 h - 6 boomerangs
Armour
 a - a +0 robe (worn)
Magical Staves
 e - a staff of air {!a}
   (You found it on level 1 of the Dungeon)
 p - a staff of earth {!a}
   (You found it on level 3 of the Dungeon)
Jewellery
 C - a ring of protection from cold (left hand)
   (You found it on level 2 of the Dungeon)
 S - a +6 ring of strength (right hand)
   (You found it on level 3 of the Dungeon)
Scrolls
 d - 3 scrolls of identify {@r1}
 i - 4 scrolls of teleportation {@r4}
 l - a scroll of torment {!r}
 m - a scroll of fog {unknown}
 o - a scroll of immolation {unknown}
Potions
 b - 3 potions of ambrosia
 g - a potion of heal wounds {@q2}
 j - a potion of magic
 n - a potion of curing {unknown}

Dungeon Overview and Level Annotations

Branches:
Dungeon (4/15) Zot: 20820
 Temple: D:4-7

Altars:

Annotations:
D:3 1 runed translucent door, wilfster70's ghost, amateur GrEE

.................###..#..
..#...#..##......##...... ..
..#...#....###.......#.....##
.###......##........# ....#
## #####..####..)โ€ ..# ....
#....##..<#..####..#
#.......))#.).....#
####..#...#......#####..
#.....@#......#.....
#...##)W....r...##
#....##.).........#
#......###.......###
#......###.......#
####..###............
####...............
#...#............
##...............


You could see a phantom and a quokka.


Message History

Your Summonings skill increases to level 1!
You have reached level 5!
Your demonic ancestry asserts itself...
The wave of death grows in power. ๐Ÿ˜Ž HP[+6] MP[+1]
You now have 41 max hp (+6).
Your hp is fully restored (41).
Your mp is fully restored (6).
An ogre comes into view. It is wielding a +0 giant club.
An ogre is nearby!
An ogre is nearby!
The ogre shouts!
You hear a shout!
The ogre hits you with a +0 giant club! ๐Ÿ˜ฎ HP[-17]
You take 17 damage, and now have 24/41 hp.
MASSIVE DAMAGE!! (PAUSE)
You are too injured to fight recklessly!
You are too injured to fight recklessly!
You barely miss the ogre. Your touch misses the ogre.
The ogre hits you with a +0 giant club!!
* * * LOW HITPOINT WARNING * * *
๐Ÿ˜ฑ HP[-18]
You take 18 damage, and now have 6/41 hp.
MASSIVE DAMAGE!! (PAUSE)
Okay, then.
You feel much better.
The ogre barely misses you. ๐Ÿ˜ฎ HP[+16]
You regained 16 hp, and now have 22/41 hp.
You hit the ogre. You burn the ogre.
You touch the ogre! ๐Ÿ˜ฎ HP[+1]
You hit the ogre. You burn the ogre. The ogre closely misses you.
You hit the ogre. You burn the ogre.
The ogre hits you with a +0 giant club!!
Ouch! That really hurt!
* * * LOW HITPOINT WARNING * * *
๐Ÿ˜ฑ HP[-21]
You take 21 damage, and now have 2/41 hp.
MASSIVE DAMAGE!! (PAUSE) Unknown command.
You feel much better. ๐Ÿ˜จ HP[+18]
You regained 18 hp, and now have 20/41 hp.
You hit the ogre but do no damage.
You touch the ogre!
You kill the ogre!
Training target 2.0 for Summonings reached!
Your Summonings skill increases to level 2!
You have reached level 6!
Your demonic ancestry asserts itself...
Molten scales grow over part of your body. ๐Ÿ˜จ HP[+3] MP[+1]
You now have 47 max hp (+6).
You regained 3 hp, and now have 23/47 hp.
Your mp is fully restored (7).
A phantom comes into view. ๐Ÿ˜ฎ HP[+4]
You regained 4 hp, and now have 27/47 hp.
A phantom is nearby!
A phantom is nearby!
A phantom is nearby!
You are too injured to fight recklessly!
You are too injured to fight recklessly!
You are too injured to fight recklessly!
You are too injured to fight recklessly!
You are too injured to fight recklessly!
You are too injured to fight recklessly! ๐Ÿ˜ฎ HP[+1]
The phantom hits you. ๐Ÿ˜ฎ HP[-3]
You take 3 damage, and now have 25/47 hp.
The phantom is struck by your spines. The phantom barely misses you.
You hit the phantom. You burn the phantom. The phantom hits you.
* * * LOW HITPOINT WARNING * * *
๐Ÿ˜จ HP[-3]
You take 3 damage, and now have 22/47 hp.
You miss the phantom. The phantom is struck by your spines.
The phantom hits you.
* * * LOW HITPOINT WARNING * * *
The phantom blinks!
You blink. ๐Ÿ˜จ HP[-3]
You take 3 damage, and now have 19/47 hp.
You barely miss the phantom. The phantom hits you!
* * * LOW HITPOINT WARNING * * *
The phantom blinks!
You blink. ๐Ÿ˜จ HP[-6]
You take 6 damage, and now have 13/47 hp.
The phantom attacks as you move away! The phantom misses you.
A quokka comes into view.
The phantom is struck by your spines. The phantom hits you.
* * * LOW HITPOINT WARNING * * *
๐Ÿ˜ฑ HP[-4]
You take 4 damage, and now have 9/47 hp.
The phantom attacks as you move away! The phantom hits you.
* * * LOW HITPOINT WARNING * * *
๐Ÿ˜ฑ HP[-5]
You take 5 damage, and now have 4/47 hp.
Items here: )) รทรท. ๐Ÿ˜ฑ HP[+1]
The phantom attacks as you move away! The phantom hits you.
You die...

Skill      XL: |  1  2  3  4  5 |
---------------+----------------+-----
Unarmed Combat | 3 4 5 |  5.8
Spellcasting   | 1 |  1.0
Summonings     | 1 2 |  2.0
Fighting       | |  3.0
Dodging        | |  2.6
Stealth        | |  1.7

Action                   |  1- 3 |  4- 6 || total
-------------------------+-------+-------++-------
Melee: Unarmed           |   100 |       ||   100
       Punch             |     2 |     2 ||     4
       Short sword       |     3 |    55 ||    58
       Touch             |     3 |    11 ||    14
  Use: Scroll            |     8 |       ||     8
       Potion            |       |     2 ||     2
 Stab: Sleeping          |     7 |     2 ||     9
Armor: Robe              |    13 |     2 ||    15
Dodge: Dodged            |    50 |    26 ||    76

Levels and vault maps discovered:
D:1:      scummos_arrival_simple_fountains, layout_basic,
          chequers_ecumenical_altar_island
D:2:      minmay_inner_zag, layout_loops_ring
D:3:      layout_loops_ring, hellmonk_ghost_happy_afterlife
D:4:      layout_cave_pools, minmay_temple_entry_wispy,
          gammafunk_ghost_mausoleum, minmay_misc_feat_square,
          uniq_blork_the_orc, uniq_robin

Notes
Turn   | Place    | Note
-------+----------+-------------------------------------------
     0 | D:1      | kae the Demonspawn Monk began the quest for the Orb.
     0 | D:1      | Reached XP level 1. HP: 18/18 MP: 1/1
     0 | D:1      | magus.rc [v1.11.3]
     7 | D:1      | You pick up a book of Callings and begin reading...
     7 | D:1      | You add the spells Summon Small Mammal, Call Canine
                  | Familiar and Summon Guardian Golem to your library.
   110 | D:1      | Reached skill level 3 in Unarmed Combat
   269 | D:1      | You pick up a book of Air and begin reading...
   269 | D:1      | You add the spells Shock, Swiftness and Airstrike to your
                  | library.
   343 | D:1      | Gained mutation: You are partially covered in sharp spines.
                  | [demonic ancestry]
   343 | D:1      | Reached XP level 2. HP: 24/24 MP: 2/2
   345 | D:1      | Learned a level 1 spell: Shock
   495 | D:1      | Found a faded altar of an unknown god.
   670 | D:1      | Learned a level 1 spell: Summon Small Mammal
  1148 | D:2      | Gained mutation: Your touch may inflict minor irresistible
                  | damage on your foes. [demonic ancestry]
  1148 | D:2      | Reached XP level 3. HP: 24/29 MP: 4/4
  1248 | D:2      | Reached skill level 1 in Spellcasting
  2113 | D:3      | Reached skill level 4 in Unarmed Combat
  2113 | D:3      | Gained mutation: You regenerate a little health from kills.
                  | [demonic ancestry]
  2113 | D:3      | Reached XP level 4. HP: 23/35 MP: 5/5
  2222 | D:3      | Found a runed translucent door.
  2224 | D:3      | Noticed wilfster70's ghost (amateur GrEE)
  2918 | D:4      | Noticed Robin
  3040 | D:4      | Killed Robin
  3104 | D:4      | Noticed an ogre
  3112 | D:4      | Killed an ogre
  3113 | D:4      | Reached skill level 5 in Unarmed Combat
  3113 | D:4      | Reached skill level 1 in Summonings
  3113 | D:4      | Gained mutation: You regenerate health from kills. [demonic
                  | ancestry]
  3113 | D:4      | Reached XP level 5. HP: 41/41 MP: 6/6
  3120 | D:4      | Noticed an ogre
  3125 | D:4      | HP: 6/41 [ogre/+0 giant club (18)]
  3129 | D:4      | HP: 2/41 [ogre/+0 giant club (21)]
  3131 | D:4      | Killed an ogre
  3132 | D:4      | Reached skill level 2 in Summonings
  3132 | D:4      | Gained mutation: You are partially covered in molten
                  | scales. (AC +2) [demonic ancestry]
  3132 | D:4      | Reached XP level 6. HP: 23/47 MP: 7/7
  3170 | D:4      | HP: 9/47 [phantom (4)]
  3171 | D:4      | HP: 4/47 [phantom (5)]
  3174 | D:4      | Slain by a phantom

Vanquished Creatures
  2 ogres (D:4)
  An orc wizard (D:3)
  Robin (D:4)
  An adder (D:4)
  3 dart slugs
  4 orcs
  6 endoplasms
  3 giant cockroaches
  6 hobgoblins
  4 quokkas
  7 ball pythons
  5 bats (D:2)
  A frilled lizard (D:2)
  19 goblins
  3 kobolds
  8 rats
74 creatures vanquished.

Table legend:
 A = Non-vault XP
 B = Vault XP
 C = Vault XP percentage of total XP
 D = Non-vault monster count
 E = Vault monster count
 F = Vault count percentage of total count
                 A         B        C        D         E       F
            +---------+---------+-------+---------+---------+-------
      Total |     393 |      42 |   9.7 |      57 |      17 |  23.0
            +---------+---------+-------+---------+---------+-------
        D:1 |      29 |       0 |   0.0 |      15 |       0 |   0.0
        D:2 |      28 |       4 |  12.5 |      17 |       4 |  19.0
        D:3 |      74 |       1 |   1.3 |      21 |       1 |   4.5
        D:4 |     262 |      37 |  12.4 |       4 |      12 |  75.0
            +---------+---------+-------+---------+---------+-------

Illustrated notes

Table legend:
 A = Kills in this place as a percentage of kills in entire the game.
 B = Kills by you in this place as a percentage of kills by you in the entire game.
 C = Kills by friends in this place as a percentage of kills by friends in the entire game.
 D = Other kills in this place as a percentage of other kills in the entire game.
 E = Experience gained in this place as a percentage of experience gained in the entire game.
 F = Experience gained in this place divided by the number of levels of this place that you have seen.
                   A       B       C       D       E      F
               +-------+-------+-------+-------+-------+----------------------
         Total | 100.0 | 100.0 |   N/A |   N/A | 100.0 | 108.8
       Dungeon | 100.0 | 100.0 |   N/A |   N/A | 100.0 | 108.8
               +-------+-------+-------+-------+-------+----------------------

Table legend: (Time is in decaauts)
 A = Elapsed time spent in this place.
 B = Non-inter-level travel time spent in this place.
 C = Inter-level travel time spent in this place.
 D = Time resting spent in this place.
 E = Time spent auto-exploring this place.
 F = Levels seen in this place.
 G = Mean time per level.
                   A        B        C        D        E       F      G
               +--------+--------+--------+--------+--------+-----+--------+
         Total |   3179 |   3035 |    144 |    492 |   2078 |   4 |  794.8 |
       Dungeon |   3179 |   3035 |    144 |    492 |   2078 |   4 |  794.8 |
               +--------+--------+--------+--------+--------+-----+--------+

Top non-repeatable levels by time:
     D:2: 1416 daAuts
     D:3: 842 daAuts
     D:1: 754 daAuts
     D:4: 166 daAuts
